 Dungeon Crawl Stone Soup version 0.30-a0-956-gcec3b41aec (webtiles) character file.

Game seed: 4589833046927189225

104 bande the Trooper (level 4, -1/29 HPs)
             Began as a Gargoyle Fighter on Mar 29, 2023.
             Slain by Edmund
             ... wielding a +3 flail of protection
              (7 damage)
             ... on level 4 of the Dungeon.
             The game lasted 00:02:23 (2588 turns).

bande the Trooper (Gargoyle Fighter)                Turns: 2588, Time: 00:02:23

Health: -1/29      AC: 15    Str: 20    XL:     4   Next: 80%
Magic:  4/4        EV:  7    Int:  8    God:
Gold:   91         SH:  4    Dex: 11    Spells: 3/3 levels left

rFire   . . .      SeeInvis .    a - +0 war axe
rCold   . . .      Faith    .    c - +0 buckler
rNeg    + . .      Spirit   .    l - +0 chain mail
rPois   ∞          Reflect  .    (no helmet)
rElec   +          Rampage  .    (no cloak)
rCorr   .                        h - +0 pair of gloves
Will    .....                    e - +0 pair of boots Stlth
                                 (no amulet)
HPRegen 0.24/turn                (no ring)
MPRegen 0.09/turn                (no ring)

@: mighty
A: sickness immunity, AC +3, negative energy resistance 1, electricity
resistance, torment resistance 1, petrification resistance
a: no special abilities


You were on level 4 of the Dungeon.
You visited 1 branch of the dungeon, and saw 4 of its levels.

You collected 91 gold pieces.

Inventory:

Hand Weapons
 a - a +0 war axe (weapon)
Armour
 c - a +0 buckler (worn)
 e - a +0 pair of boots (worn)
 h - a +0 pair of gloves (worn)
 l - a +0 chain mail (worn)
Jewellery
 b - a ring of wizardry
Scrolls
 f - a scroll of magic mapping {unknown}
Potions
 g - a potion of ambrosia {unknown}
 i - a potion of brilliance {unknown}
 k - 2 potions of curing
 m - a potion of haste {unknown}


   Skills:
 + Level 4.0 Fighting
 + Level 3.3 Axes
 + Level 3.8 Armour
 + Level 3.6 Shields


You had 3 spell levels left.
You didn't know any spells.
Your spell library was empty.

Dungeon Overview and Level Annotations

Branches:
Dungeon (4/15)
 Temple: D:4-7

Altars:
Nemelex Xobeh

Annotations:
D:4 Edmund


Innate Abilities, Weirdness & Mutations

You are immune to sickness and miasma.
Your stone body is resilient. (AC +3)
You are immune to poison.
You resist negative energy. (rN+)
You are resistant to electric shocks. (rElec)
You are resistant to unholy torment.
You are immune to petrification.


Message History

Edmund closely misses you.
You hit Edmund but do no damage.
Edmund is moderately wounded.
Edmund hits you but does no damage.
Edmund hits you with a +3 flail of protection!
You slash Edmund!
Edmund is moderately wounded.
You block Edmund's attack.
You slash Edmund!
Edmund is heavily wounded.
Edmund hits you with a +3 flail of protection. x2
You hit Edmund.
Edmund is severely wounded.
Edmund hits you with a +3 flail of protection.
You hit Edmund.
Edmund is severely wounded.
Edmund hits you with a +3 flail of protection.
You barely miss Edmund.
Edmund is severely wounded.
Edmund barely misses you. You block Edmund's attack.
You completely miss Edmund.
Edmund is severely wounded.
Edmund barely misses you.
You slash Edmund!
Edmund is almost dead.
Edmund completely misses you.
Edmund hits you with a +3 flail of protection!
* * * LOW HITPOINT WARNING * * *
You hit Edmund but do no damage.
Edmund is almost dead.
Edmund barely misses you.
Unknown command.
You closely miss Edmund.
Edmund is almost dead.
Edmund hits you but does no damage.
You barely miss Edmund.
Edmund is almost dead.
You block Edmund's attack.
Edmund hits you with a +3 flail of protection!
You die...

## ###
####. ..#
#....##.#
#.....#.#
#...@@.<#
#.#.#.###
# #..
#.## #.#
#.# ..#
###


You could see Edmund.

Vanquished Creatures
  An orc wizard (D:3)
  3 adders (D:2)
  2 worms
  A dart slug (D:2)
  3 orcs (D:3)
  A bat (D:2)
  2 endoplasms
  3 giant cockroaches (D:1)
  6 goblins
  3 hobgoblins
  6 jackals
  2 kobolds (D:1)
  2 ball pythons (D:2)
  A frilled lizard (D:3)
  3 rats
39 creatures vanquished.

Notes
Turn   | Place    | Note
-------+----------+-------------------------------------------
     0 | D:1      | bande the Gargoyle Fighter began the quest for the Orb.
     0 | D:1      | Reached XP level 1. HP: 14/14 MP: 1/1
   169 | D:1      | Reached XP level 2. HP: 19/19 MP: 2/2
  1000 | D:2      | Reached XP level 3. HP: 24/24 MP: 3/3
  1138 | D:2      | Found a sparkling altar of Nemelex Xobeh.
  1304 | D:2      | Found a faded altar of an unknown god.
  1396 | D:2      | Reached XP level 4. HP: 29/29 MP: 4/4
  1774 | D:3      | Found a sparkling altar of Nemelex Xobeh.
  1946 | D:3      | Reached skill level 4 in Fighting
  2572 | D:4      | Noticed Edmund
  2588 | D:4      | Slain by Edmund

Illustrated notes

Levels and vault maps discovered:
D:1:      lemuel_arrival_tunnels, layout_basic, hex_tiny
D:2:      layout_loops_corners, shapermc_ecumenical_altar_venn, basic_altar
D:3:      layout_basic, mainiacjoe_overflow_brackets, serial_rivers,
          chequers_serial_rivers_large_a, chequers_serial_rivers_micro_d,
          chequers_serial_rivers_marsh, chequers_serial_rivers_room_b,
          grunt_decor_junction
D:4:      layout_basic, serial_shops, kennysheep_mini_moat,
          hangedman_glass_teeth, uniq_grinder, uniq_eustachio, uniq_edmund

Skill      XL: |  1  2  3  4 |
---------------+-------------+-----
Axes           | 2 3 |  3.3
Fighting       | 4 |  4.0
Armour         | |  3.8
Shields        | |  3.6

Action                     |  1- 3 |  4- 6 || total
---------------------------+-------+-------++-------
  Melee: War axe           |    74 |    50 ||   124
    Use: Scroll            |       |     4 ||     4
         Potion            |       |     1 ||     1
 Armour: Scale mail        |    33 |       ||    33
         Chain mail        |     9 |    32 ||    41
  Dodge: Dodged            |    35 |    16 ||    51
  Block: Buckler           |    13 |    13 ||    26

Table legend: (Time is in decaauts)
 A = Elapsed time spent in this place.
 B = Non-inter-level travel time spent in this place.
 C = Inter-level travel time spent in this place.
 D = Time resting spent in this place.
 E = Time spent auto-exploring this place.
 F = Levels seen in this place.
 G = Mean time per level.
                   A        B        C        D        E       F      G
               +--------+--------+--------+--------+--------+-----+--------+
         Total |   2655 |   2511 |    144 |     42 |   2117 |   4 |  663.8 |
       Dungeon |   2655 |   2511 |    144 |     42 |   2117 |   4 |  663.8 |
               +--------+--------+--------+--------+--------+-----+--------+

Top non-repeatable levels by time:
     D:1: 952 daAuts
     D:2: 848 daAuts
     D:3: 834 daAuts
     D:4: 20 daAuts
